 Dungeon Crawl Stone Soup version 0.22.1-57-g7394efd (webtiles) character file.

933 Technomager the Skirmisher (level 7, -2/60 HPs)
             Began as a Demigod Fighter on Mar 19, 2019.
             Slain by Prince Ribbit (13 damage)
             ... on level 5 of the Dungeon.
             The game lasted 00:26:35 (2820 turns).

Technomager the Skirmisher (Demigod Fighter)        Turns: 2820, Time: 00:26:35

Health: -2/60      AC: 11    Str: 21    XL:     7   Next: 55%
Magic:  9/9        EV: 15    Int: 12    God:
Gold:   222        SH:  0    Dex: 17    Spells: 6/6 levels left

rFire    . . .     SeeInvis .   k - +4 quarterstaff (chaos)
rCold    . . .     Gourm    .   (shield currently unavailable)
rNeg     + . .     Faith    .   b - +2 scale mail
rPois    +         Spirit   .   (no helmet)
rElec    .         Reflect  .   l - +2 cloak {rPois}
rCorr    .         Harm     .   (no gloves)
MR       .....                  (no boots)
Stlth    +.........             (no amulet)
HPRegen  0.20/turn              e - ring of positive energy
MPRegen  0.11/turn              m - +3 ring of evasion

@: no status effects
A: high mp 1
a: no special abilities


You were on level 5 of the Dungeon.
You were completely stuffed.

You visited 1 branch of the dungeon, and saw 5 of its levels.

You collected 222 gold pieces.

Inventory:

Hand Weapons
 k - a +4 quarterstaff of chaos (weapon)
Missiles
 h - 10 arrows
Armour
 b - a +2 scale mail (worn)
 c - a +0 shield
 l - a +2 cloak of poison resistance (worn)
Jewellery
 e - a ring of positive energy (left hand)
 m - a +3 ring of evasion (right hand)
Wands
 a - a wand of polymorph (10)
 g - a wand of flame (25)
 p - a wand of acid (5)
 r - a wand of disintegration (17)
Scrolls
 d - a scroll of remove curse
 i - a scroll of magic mapping
 j - 3 scrolls of teleportation
Potions
 n - a potion of lignification {unknown}
 s - a potion of heal wounds {unknown}
Comestibles
 f - 6 rations


   Skills:
 + Level 4.9 Fighting
   Level 4.3 Long Blades
 + Level 3.0 Staves
 - Level 2.9 Armour
 + Level 3.6 Dodging
 + Level 1.9 Stealth
 - Level 2.9 Shields
 + Level 0.1 Evocations


You had 6 spell levels left.
You didn't know any spells.
Your spell library was empty.

Dungeon Overview and Level Annotations

Branches:
Dungeon (5/15)
 Temple: D:4-7

Portals:
Ossuary: D:5

Annotations:
D:5 Prince Ribbit


Innate Abilities, Weirdness & Mutations

You have an increased reservoir of magic. (+10% MP)


Message History

You hear an angry hiss.
An orc comes into view. It is wielding a trident.
Prince Ribbit closely misses you. Prince Ribbit hits you.
You hit Prince Ribbit.
Prince Ribbit is poisoned.
Prince Ribbit is lightly wounded.
Prince Ribbit hits you!
* * * LOW HITPOINT WARNING * * *
The hippogriff misses you. The hippogriff closely misses you.
The hippogriff claws you but does no damage.
You closely miss Prince Ribbit.
Prince Ribbit is lightly wounded.
Prince Ribbit blinks!
The hippogriff bites you but does no damage.
The hippogriff pecks you but does no damage.
The hippogriff claws you!
* * * LOW HITPOINT WARNING * * *
You sock Prince Ribbit!
Prince Ribbit is heavily wounded.
Prince Ribbit hits you!
You die...

*,#* *,..#*,.....,,,,,,,.,**
*****,,***,***#.#..##.#,****,,,*
*,,,,,,,.,,* #....##.#.* **,.##
*,,,,,,,..,####.........******...
*,,,,,,,...#...?..#.,...,,,,,,,..
*,,,,,,,,..........,,#.#*****####
*,,,,,,,,,,#?.....#**#.# ####...
*,,,,,,,,,,#...H#.####.####......
*,,,,,,,,,,#.o.F@...........#..##
*,,,,,,,,,,#...##.####.#.........
,,,,,,,,.......*#.# #..#....#####
,,,,,,,,.....##*#.# #.##..###
,,,,,,,,...######.###.#..##
****,,,,..*#..........#..#
*,,,,.,*#..........####
*,,,,,**#..........# *,,,,,*
############


You could see a hippogriff, Prince Ribbit and an orc.

Vanquished Creatures
  Sigmund (D:4)
  A phantom (D:5)
  An ogre (D:5)
  Blork the orc (D:4)
  A howler monkey (D:5)
  A hound (D:4)
  2 jellies (D:5)
  3 orc wizards
  Crazy Yiuf (D:3)
  Ijyb (D:4)
  4 worker ants
  Robin (D:3)
  4 adders
  2 shadow imps (D:5)
  2 oozes
  A worm (D:4)
  2 dart slugs
  3 leopard geckos
  7 orcs
  7 giant cockroaches
  9 goblins
  8 hobgoblins
  2 quokkas
  A ball python (D:1)
  5 bats
  3 frilled lizards
  5 kobolds
  7 rats
  2 fungi (D:3)
88 creatures vanquished.

Vanquished Creatures (others)
  A hound (D:5)
1 creature vanquished.

Grand Total: 89 creatures vanquished

Notes
Turn   | Place    | Note
-------+----------+-------------------------------------------
     0 | D:1      | Technomager the Demigod Fighter began the quest for the
                  | Orb.
     0 | D:1      | Reached XP level 1. HP: 18/18 MP: 3/3
   183 | D:1      | Reached XP level 2. HP: 26/26 MP: 4/4
   819 | D:2      | Reached XP level 3. HP: 12/31 MP: 5/5
  1193 | D:3      | Found a snail-covered altar of Cheibriados.
  1266 | D:3      | Found a glowing golden altar of the Shining One.
  1337 | D:3      | Reached XP level 4. HP: 20/38 MP: 6/6
  1484 | D:3      | Noticed Robin
  1506 | D:3      | Killed Robin
  1638 | D:3      | Reached skill level 1 in Dodging
  1789 | D:3      | Found a runed door.
  1793 | D:3      | Noticed Crazy Yiuf
  1804 | D:3      | Killed Crazy Yiuf
  1804 | D:3      | Reached XP level 5. HP: 16/46 MP: 7/7
  1976 | D:4      | Noticed Sigmund
  1984 | D:4      | Killed Sigmund
  1984 | D:4      | Reached XP level 6. HP: 32/52 MP: 8/8
  2105 | D:4      | Noticed Blork the orc
  2120 | D:4      | Killed Blork the orc
  2408 | D:4      | Reached skill level 1 in Staves
  2411 | D:4      | Noticed Ijyb
  2414 | D:4      | Killed Ijyb
  2564 | D:5      | Entered Level 5 of the Dungeon
  2573 | D:5      | Reached skill level 1 in Stealth
  2583 | D:5      | Reached XP level 7. HP: 10/60 MP: 9/9
  2587 | D:5      | HP: 2/60 [something (2)]
  2626 | D:5      | Found a sand-covered staircase.
  2815 | D:5      | Noticed Prince Ribbit
  2815 | D:5      | Noticed a hippogriff
  2820 | D:5      | Slain by Prince Ribbit

Skill      XL: |  1  2  3  4  5  6  7 |
---------------+----------------------+-----
Fighting       | 3 4 |  4.9
Long Blades    | 2 3 4 |  4.3
Dodging        | 1 3 |  3.6
Staves         | 1 3 |  3.0
Stealth        | 1 |  1.9
Armour         | |  2.9
Shields        | |  2.9
Evocations     | |  0.1

Action                   |  1- 3 |  4- 6 |  7- 9 || total
-------------------------+-------+-------+-------++-------
Melee: Long sword        |    90 |    90 |       ||   180
       Quarterstaff      |       |    53 |    37 ||    90
       Unarmed           |       |     3 |       ||     3
Evoke: Wand              |       |       |     1 ||     1
  Use: Scroll            |     8 |     4 |     4 ||    16
       Potion            |     4 |       |       ||     4
 Stab: Confused          |       |     1 |       ||     1
       Petrifying        |       |       |     1 ||     1
  Eat: Ration            |     2 |     1 |     2 ||     5
Armor: Scale mail        |    39 |    76 |    16 ||   131
Dodge: Dodged            |    32 |   126 |    30 ||   188
Block: Shield            |    53 |    62 |       ||   115
       Rpst.: Long sword |     8 |    23 |       ||    31
